 Dungeon Crawl Stone Soup version 0.20.1-1-g8b1a95d (webtiles) character file.

931 slep the Slasher (level 7, -2/53 HPs)
             Began as a Demonspawn Gladiator on Nov 6, 2017.
             Was a Believer of Qazlal.
             Slain by a centaur (6 damage)
             ... on level 6 of the Dungeon.
             The game lasted 00:23:35 (4105 turns).

slep the Slasher (Demonspawn Gladiator)             Turns: 4105, Time: 00:23:36

Health: -2/53      AC:  4    Str: 14    XL:     7   Next: 86%
Magic:  7/7        EV: 14    Int: 10    God:    Qazlal [**....]
Gold:   214        SH:  2    Dex: 16    Spells: 6/6 levels left

rFire    + . .     SeeInvis .   z - +2 flail (drain)
rCold    . . .     Gourm    .   (no shield)
rNeg     . . .     Faith    .   b - +0 leather armour
rPois    .         Spirit   .   (helmet restricted)
rElec    .         Reflect  .   (no cloak)
rCorr    .         Harm     .   (no gloves)
MR       .....                  o - +0 pair of boots
Stlth    +.........             (no amulet)
Regen    0.2/turn               I - ring of flight
MPRegen  0.1/turn               l - ring of protection from fire (curse)

@: flying
A: antennae 2, powered by pain 1, spiny 2
a: Upheaval, Renounce Religion


You were on level 6 of the Dungeon.
You worshipped Qazlal.
Qazlal was pleased with you.
You were hungry.

You visited 1 branch of the dungeon, and saw 6 of its levels.

You collected 214 gold pieces.

Inventory:

Hand Weapons
 a - a +0 long sword
 j - a +1 dagger of venom
 v - a +2 dagger of speed
 z - a +2 flail of draining (weapon)
 G - a +1 falchion of venom
Missiles
 d - 5 throwing nets (quivered)
 e - 54 sling bullets
 q - 90 bolts
 r - 31 arrows
 B - 5 tomahawks
Armour
 b - a +0 leather armour (worn)
 c - a +0 helmet
 o - a +0 pair of boots (worn)
Jewellery
 h - a +1 ring of protection
 l - a cursed ring of protection from fire (right hand)
 I - a ring of flight (left hand)
Wands
 y - a wand of paralysis (6/24)
 J - a wand of paralysis (4/24)
Scrolls
 i - a scroll of enchant armour {unknown}
 k - 2 scrolls of random uselessness {unknown}
 m - a scroll of recharging {unknown}
 n - 9 scrolls of identify {unknown}
 w - 2 scrolls of enchant weapon {unknown}
 x - 3 scrolls of teleportation {unknown}
 A - a scroll of magic mapping {unknown}
 E - a scroll of noise {unknown}
 F - a scroll of immolation {unknown}
Potions
 g - a potion of haste
 p - a potion of flight
 s - 2 potions of degeneration {unknown}
 u - 3 potions of mutation {unknown}
 D - 2 potions of curing {unknown}
Comestibles
 f - 4 bread rations
 t - 3 royal jellies
 C - 3 fruits
 H - 9 chunks of flesh


   Skills:
 + Level 3.8 Fighting
 + Level 6.1 Long Blades
 + Level 1.0 Maces & Flails
 + Level 2.0 Throwing
 + Level 2.7 Armour
 + Level 4.5 Dodging
 + Level 1.3 Stealth


You had 6 spell levels left.
You didn't know any spells.

Dungeon Overview and Level Annotations

Branches:
Dungeon (6/15)             Temple (0/1) D:5

Altars:
Ashenzari
Elyvilon
Fedhas
Gozag
Makhleb
Nemelex Xobeh
Qazlal
Xom
Yredelemnul
Zin

Shops:
D:5 =


Innate Abilities, Weirdness & Mutations

You have a pair of antennae on your head.
You sometimes gain a little power by taking damage.
You are mostly covered in sharp spines.


Message History

Deactivating autopickup; reactivate with Ctrl-A.
Something hits you. Something shocks you.
You closely miss the centaur. You block the centaur's attack.
Something hits you. Something shocks you.
* * * LOW HITPOINT WARNING * * *
The centaur misses you.
You hit the centaur. You drain the centaur!
The centaur is moderately wounded.
The centaur hits you but does no damage.
Something hits you.
* * * LOW HITPOINT WARNING * * *
Something shocks you.
* * * LOW HITPOINT WARNING * * *
The centaur is struck by your spines. The centaur barely misses you.
Something hits you but does no damage.
It was a potion of flight.
You feel very buoyant.
You fly up into the air.
The centaur is struck by your spines. The centaur hits you.
You die...

#...#....... #........+
#...#....... #........#
###.#....... #........#
##.##'##### #........#{
#.....#...' ..
#........# #.....#...#
... .......#
#.....##..#
...#####..c.#
#.....#####
.......#.{@.#
#......#..#
.....+.(.ยง+
#......#..' #..#(...#
#.....##..# #.......#
##.>..##'##
#.(P.P..###+##....##..#
#..
#..._...#...########..#
#..
#..P.P..#..........'..#
#...
#.......#..........#..#
#...
#..#....#.(.##.....#..#


You could see a centaur.

Vanquished Creatures
  An ice beast (D:5)
  A centaur (D:5)
  A bullfrog (D:6)
  A crimson imp (D:5)
  2 centaur zombies
  A quasit (D:6)
  2 hounds
  Jessica (D:3)
  Ijyb (D:3)
  2 iguanas
  2 orc wizards
  3 worker ants
  7 gnolls
  8 adders
  A shadow imp (D:5)
  An ooze (D:3)
  An adder skeleton (D:4)
  A worm (D:5)
  5 dart slugs
  5 leopard geckos
  13 orcs
  3 ball pythons (D:3)
  4 bats
  5 giant cockroaches
  9 goblins
  5 hobgoblins
  5 jackals
  7 kobolds
  5 quokkas
  2 frilled lizards
  A leopard gecko skeleton (D:4)
  5 rats
111 creatures vanquished.

Vanquished Creatures (others)
  A rat (D:3)
1 creature vanquished.

Grand Total: 112 creatures vanquished

Notes
Turn   | Place    | Note
-------+----------+-------------------------------------------
     0 | D:1      | slep the Demonspawn Gladiator began the quest for the Orb.
     0 | D:1      | Reached XP level 1. HP: 16/16 MP: 1/1
   468 | D:1      | Gained mutation: You have a pair of small antennae on your head. [demonic ancestry]
   468 | D:1      | Reached XP level 2. HP: 22/22 MP: 2/2
   507 | D:1      | Reached skill level 3 in Long Blades
   950 | D:2      | Gained mutation: You are partially covered in sharp spines. [demonic ancestry]
   950 | D:2      | Reached XP level 3. HP: 28/28 MP: 3/3
  1075 | D:2      | Reached skill level 1 in Armour
  1116 | D:2      | Reached XP level 4. HP: 20/34 MP: 4/4
  1248 | D:2      | Found a stormy altar of Qazlal.
  1261 | D:2      | Found a glowing silver altar of Zin.
  1262 | D:2      | Found a shimmering altar of Xom.
  1262 | D:2      | Found a burning altar of Makhleb.
  1454 | D:2      | Became a worshipper of Qazlal Stormbringer
  1501 | D:3      | Noticed Ijyb
  1501 | D:3      | Paralysed by Ijyb for 5 turns
  1517 | D:3      | Paralysed by Ijyb for 6 turns
  1524 | D:3      | Killed Ijyb
  1531 | D:3      | Noticed Jessica
  1558 | D:3      | Killed Jessica
  1558 | D:3      | Reached skill level 4 in Long Blades
  1558 | D:3      | Gained mutation: You have a pair of antennae on your head. [demonic ancestry]
  1558 | D:3      | Reached XP level 5. HP: 5/40 MP: 5/5
  1703 | D:3      | Found a sparkling altar of Nemelex Xobeh.
  1943 | D:3      | Reached * piety under Qazlal
  2081 | D:3      | Found a white marble altar of Elyvilon.
  2166 | D:3      | Found a basalt altar of Yredelemnul.
  2228 | D:3      | Found a blossoming altar of Fedhas.
  2335 | D:3      | Gained mutation: You sometimes gain a little power by taking damage. [demonic ancestry]
  2335 | D:3      | Reached XP level 6. HP: 47/47 MP: 6/6
  2476 | D:4      | Found an opulent altar of Gozag.
  2625 | D:4      | Reached skill level 1 in Stealth
  2931 | D:5      | Entered Level 5 of the Dungeon
  2940 | D:5      | Reached skill level 5 in Long Blades
  2958 | D:5      | Found a staircase to the Ecumenical Temple.
  3029 | D:5      | Noticed an ice beast
  3044 | D:5      | Killed an ice beast
  3060 | D:5      | Found a shattered altar of Ashenzari.
  3089 | D:5      | Gained mutation: You are mostly covered in sharp spines. [demonic ancestry]
  3089 | D:5      | Reached XP level 7. HP: 42/52 MP: 7/7
  3108 | D:5      | Found Jeariu's Jewellery Emporium.
  3792 | D:6      | Reached ** piety under Qazlal
  3931 | D:6      | Reached skill level 6 in Long Blades
  4068 | D:6      | Reached skill level 1 in Maces & Flails
  4087 | D:6      | Found a blossoming altar of Fedhas.
  4105 | D:6      | Slain by a centaur

Skill      XL: |  1  2  3  4  5  6  7 |
---------------+----------------------+-----
Long Blades    | 3 4 5 6 |  6.1
Dodging        | 3 4 |  4.5
Armour         | 1 2 |  2.7
Fighting       | 3 |  3.8
Stealth        | 1 |  1.3
Throwing       | 2 |  2.0
Maces & Flails | 1 |  1.0

Action                   |  1- 3 |  4- 6 |  7- 9 || total
-------------------------+-------+-------+-------++-------
Melee: Long sword        |    71 |   132 |    30 ||   233
       Flail             |       |       |    31 ||    31
       Falchion          |       |       |     5 ||     5
Throw: Throwing net      |       |     1 |       ||     1
  Use: Potion            |       |     4 |     1 ||     5
 Stab: Sleeping          |     1 |       |       ||     1
  Eat: Chunk             |     1 |     6 |     3 ||    10
Armor: Leather armour    |    16 |    30 |     8 ||    54
       Skin              |       |     5 |       ||     5
Dodge: Dodged            |    56 |    79 |    60 ||   195
Block: Other             |       |     2 |     8 ||    10
       Rpst.: Long sword |    19 |    31 |     8 ||    58
